 Dungeon Crawl Stone Soup version 0.27-a0-984-g00e00afbbc (webtiles) character file.

Game seed: 6180511062871332170

5943 DarkShadow the Carver (level 10, -13/88 HPs)
             Began as a Minotaur Fighter on Apr 15, 2021.
             Was an Initiate of Gozag.
             Mangled by a sun demon (17 damage)
             ... summoned by a kobold demonologist
             ... on level 10 of the Dungeon.
             The game lasted 00:27:19 (8476 turns).

DarkShadow the Carver (Minotaur Fighter)            Turns: 8476, Time: 00:27:21

Health: -13/88     AC: 14    Str: 23    XL:     10   Next: 54%
Magic:  9/9        EV:  8    Int:  5    God:    Gozag
Gold:   1008       SH: 18    Dex: 11    Spells: 9/9 levels left

rFire    . . .     SeeInvis .   a - +0 long sword
rCold    . . .     Faith    .   c - +1 kite shield
rNeg     . . .     Spirit   .   g - +2 chain mail {Will+}
rPois    .         Reflect  +   (helmet restricted)
rElec    .         Harm     .   o - +0 cloak
rCorr    .         Rampage  .   (no gloves)
Will     +....                  (no boots)
Stlth    ..........             y - amulet of reflection
HPRegen  0.24/turn              h - ring of flight
MPRegen  0.11/turn              (no ring)

@: gold aura, flying
A: horns 2, retaliatory headbutt
a: Renounce Religion, Potion Petition, Call Merchant, Bribe Branch


You were on level 10 of the Dungeon.
You worshipped Gozag.
Gozag was most pleased with you.
You visited 2 branches of the dungeon, and saw 11 of its levels.

You collected 1063 gold pieces.
You paid 55 gold pieces to Gozag.

Inventory:

Hand Weapons
 a - a +0 long sword (weapon)
Armour
 c - a +1 kite shield (worn)
 g - a +2 chain mail of willpower (worn)
 o - a +0 cloak (worn)
Jewellery
 e - an amulet of regeneration
 h - a ring of flight (left hand)
 l - a +6 ring of intelligence
 s - an amulet of the acrobat
 u - a ring of magical power
 y - an amulet of reflection (around neck)
Wands
 i - a wand of flame (27)
 p - a wand of paralysis (6)
Scrolls
 k - 2 scrolls of amnesia
 m - a scroll of holy word
 r - a scroll of teleportation
Potions
 b - 2 potions of flight {unknown}
 d - 3 potions of curing
 f - 2 potions of heal wounds {unknown}
 j - a potion of berserk rage
 n - 3 potions of haste
 q - a potion of magic
 t - a potion of invisibility {unknown}
 v - a potion of lignification {unknown}
 x - a potion of attraction {unknown}
Miscellaneous
 w - a piece from Xom's chessboard (15/15)


   Skills:
 + Level 8.1 Fighting
 + Level 11.4 Long Blades
 + Level 9.3 Armour
 - Level 1.2 Dodging
 + Level 10.8 Shields


You had 9 spell levels left.
You didn't know any spells.
Your spell library contained the following spells:

 Spells                   Type           Power      Damage    Failure   Level
 Animate Skeleton         Necr           0%         N/A       99%         1
 Apportation              Tloc           0%         N/A       99%         1
 Beastly Appendage        Tmut           0%         N/A       99%         1
 Corona                   Hex            0%         N/A       99%         1
 Summon Small Mammal      Summ           0%         N/A       99%         1
 Wereblood                Tmut           0%         N/A       100%        2
 Spider Form              Tmut/Pois      0%         N/A       100%        3
 Ice Form                 Ice/Tmut       0%         N/A       100%        4
 Hydra Form               Tmut           0%         N/A       100%        5


Dungeon Overview and Level Annotations

Branches:
Dungeon (10/15)            Temple (1/1) D:6
   Lair: D:8-11         Orc: D:9-12

Altars:
Ashenzari
Cheibriados
Dithmenos
Elyvilon
Gozag
Hepliaklqana
Kikubaaqudgha
Makhleb
Nemelex Xobeh
Qazlal
Ru
Sif Muna
Trog
Uskayaw
Vehumet
Xom
Yredelemnul
Zin
The Shining One

Shops:
D:2 !   D:4 =


Innate Abilities, Weirdness & Mutations

You have a pair of horns on your head.
You reflexively headbutt those who attack you in melee.


Message History

You headbutt the sun demon!
The white imp picks up a beetle and eats it.
You barely miss the sun demon.
You headbutt the sun demon, but do no damage.
The sun demon is lightly wounded.
The sun demon barely misses you. You furiously retaliate!
You headbutt the sun demon.
You riposte.
You hit the sun demon but do no damage.
You headbutt the sun demon, but do no damage.
The sun demon is moderately wounded.
The kobold demonologist gestures wildly while chanting.
You slash the sun demon!
You headbutt the sun demon, but do no damage.
The sun demon is heavily wounded.
You block the sun demon's attack.
You hit the sun demon.
The sun demon is heavily wounded.
The sun demon hits you!
You are engulfed in flames!
You slash the sun demon! Your headbutt misses the sun demon.
The sun demon is severely wounded.
The sun demon hits you but does no damage.
The kobold demonologist gestures wildly while chanting.
The sun demon hits you!
You are engulfed in flames!!
* * * LOW HITPOINT WARNING * * *
You barely miss the sun demon. Your headbutt misses the sun demon.
The sun demon is severely wounded.
The white imp becomes distracted by the nearby gold, dreaming of imaginary riches.
You block the sun demon's attack.
The white imp shouts, "Return whence thou came, thou rough-hewn fob-snatching nightsoil!"
You slash the sun demon!
The sun demon is almost dead.
You hear a shout!
You block the sun demon's attack.
You closely miss the sun demon. Your headbutt misses the sun demon.
The sun demon is almost dead.
The sun demon hits you!
* * * LOW HITPOINT WARNING * * *
You are engulfed in flames!
You die...
Your body crumbles into a pile of gold.

# ####.#########5#
..........@3KKK#
#######.######5#
#.# #.# #.# #.#
#.# #.#
..########.######.


You could see a sun demon (summoned), a kobold demonologist, a kobold brigand, 2
white imps and a kobold.

Vanquished Creatures
  The ghost of HELP the Covert, a novice OpVM (D:7)
  An ugly thing (D:6)
  The ghost of Morbidden the Fighter, an amateur DrCj (D:3)
  Sigmund (D:2)
  5 yaks (D:6)
  A wraith (D:9)
  A steam dragon (D:7)
  A water moccasin (D:9)
  2 black bears (D:6)
  An orc warrior (D:9)
  3 sky beasts
  2 ogres
  A centaur (D:8)
  A kobold brigand (D:8)
  2 bullfrogs
  2 phantoms
  3 scorpions
  A wyvern zombie (D:3)
  A water moccasin skeleton (D:3)
  10 killer bees
  A howler monkey (D:7)
  3 centaur zombies
  A bullfrog skeleton (D:7)
  8 hounds
  A gnoll shaman (D:6)
  8 orc priests
  A centaur skeleton (D:3)
  A jelly (D:6)
  2 iguanas
  3 iron imps (D:9)
  Terence (D:2)
  5 orc wizards
  A hound skeleton (D:4)
  Robin (D:2)
  2 howler monkey zombies (D:7)
  9 gnolls
  9 adders
  A shadow imp (D:6)
  An ufetubus (D:6)
  2 adder skeletons (D:4)
  2 worms
  33 orcs
  5 ball pythons
  5 bats
  7 endoplasms
  2 giant cockroaches
  20 goblins
  6 hobgoblins
  4 jackals (D:1)
  9 kobolds
  5 quokkas
  5 frilled lizards
  5 rats
210 creatures vanquished.

Notes
Turn   | Place    | Note
-------+----------+-------------------------------------------
     0 | D:1      | DarkShadow the Minotaur Fighter began the quest for the
                  | Orb.
     0 | D:1      | Reached XP level 1. HP: 19/19 MP: 0/0
   372 | D:1      | Reached XP level 2. HP: 27/27 MP: 1/1
   406 | D:1      | Found a faded altar of an unknown god.
   901 | D:2      | Reached XP level 3. HP: 28/33 MP: 2/2
   914 | D:2      | Found Kaserghus's Distillery.
   927 | D:2      | Reached skill level 3 in Long Blades
   928 | D:2      | Noticed Terence
   933 | D:2      | Reached skill level 1 in Dodging
   934 | D:2      | Killed Terence
   971 | D:2      | Reached XP level 4. HP: 40/40 MP: 3/3
  1033 | D:2      | Noticed Robin
  1068 | D:2      | Killed Robin
  1326 | D:2      | Reached skill level 4 in Long Blades
  1415 | D:2      | Noticed Sigmund
  1490 | D:2      | Killed Sigmund
  1491 | D:2      | Reached skill level 5 in Long Blades
  1491 | D:2      | Reached skill level 5 in Shields
  1491 | D:2      | Reached XP level 5. HP: 5/47 MP: 4/4
  1491 | D:2      | Reached XP level 6. HP: 6/53 MP: 5/5
  1615 | D:2      | Reached skill level 5 in Armour
  1930 | D:3      | Found a transporter.
  2147 | D:3      | Noticed Morbidden's ghost (amateur DrCj)
  2168 | D:3      | Found a snail-covered altar of Cheibriados.
  2188 | D:3      | Found a transporter.
  2297 | D:3      | Found a shimmering blue altar of Sif Muna.
  2484 | D:3      | Killed Morbidden's ghost
  2485 | D:3      | Reached skill level 5 in Fighting
  2485 | D:3      | Reached skill level 6 in Long Blades
  2485 | D:3      | Reached XP level 7. HP: 23/61 MP: 6/6
  2785 | D:4      | Reached skill level 7 in Long Blades
  2842 | D:4      | Reached XP level 8. HP: 35/69 MP: 7/7
  2979 | D:4      | You fall into a shaft and drop 2 floors!
  3227 | D:6      | Found a staircase to the Ecumenical Temple.
  3242 | Temple   | Entered the Ecumenical Temple
  3255 | Temple   | Became a worshipper of Gozag Ym Sagoz the Greedy
  3503 | D:6      | Found a sparkling altar of Nemelex Xobeh.
  3574 | D:5      | Entered Level 5 of the Dungeon
  3610 | D:5      | Noticed a +0 short sword
  3610 | D:5      | Noticed a +0 spear
  3611 | D:5      | Noticed a +0 spear
  3612 | D:5      | Noticed a +0 dagger
  3612 | D:5      | Noticed a +0 falchion
  3613 | D:5      | Noticed a +0 short sword
  3613 | D:5      | Noticed a +0 falchion
  3614 | D:5      | Noticed a +0 dagger
  3615 | D:5      | Found a hide-covered altar of Uskayaw.
  3720 | D:4      | Found Hyadgh's Jewellery Boutique.
  3853 | D:4      | Found a shimmering altar of Xom.
  4022 | D:5      | Reached skill level 8 in Long Blades
  4200 | D:5      | You fall into a shaft and drop 3 floors!
  4423 | D:7      | Reached XP level 9. HP: 43/78 MP: 8/8
  4769 | D:6      | Reached skill level 9 in Long Blades
  5280 | D:7      | Noticed a cyan ugly thing
  5291 | D:6      | Killed a cyan ugly thing
  5478 | D:6      | Reached skill level 10 in Long Blades
  6278 | D:7      | Found a runed translucent door.
  6278 | D:7      | Noticed HELP's ghost (novice OpVM)
  6288 | D:7      | Killed HELP's ghost
  6289 | D:7      | Reached XP level 10. HP: 88/88 MP: 9/9
  6562 | D:8      | Found a glowing silver altar of Zin.
  6687 | D:8      | Reached skill level 11 in Long Blades
  6687 | D:8      | Reached skill level 10 in Shields
  7565 | D:9      | Found a stormy altar of Qazlal.
  7654 | D:9      | Found a burning altar of Makhleb.
  8231 | D:9      | Found a white marble altar of Elyvilon.
  8231 | D:9      | Found a sacrificial altar of Ru.
  8429 | D:10     | Entered Level 10 of the Dungeon
  8466 | D:10     | Noticed a sun demon
  8476 | D:10     | HP: 4/88 [sun demon[a kobold demonologist] (9)]
  8476 | D:10     | Mangled by a sun demon

Illustrated notes

Levels and vault maps discovered:
D:1:      co_arrival_two_rings, layout_loops_ring,
          ebering_ecumenical_altar_webs, grunt_decor_resistance
D:2:      minmay_door_path, layout_loops_ring, serial_shops, nicolae_shop_stone,
          uniq_robin, uniq_sigmund, uniq_terence
D:3:      layout_rooms, led_sif_pool, lemuel_crystal_altar,
          gammafunk_ghost_mausoleum, grunt_ministairs_2,
          hangedman_feature_mirror
D:4:      layout_cave_pools, nicolae_overflow_crystal_walls, serial_shops,
          kennysheep_mini_moat
D:5:      layout_cave_pods, nicolae_uskayaw_en_pointe,
          lemuel_coloured_pillars_altar, marbit_many_paths, serial_bayou_ford_a
D:6:      black_bear_nest_1, layout_basic, lemuel_crystal_altar,
          minmay_temple_entry_mini_moons, minmay_quadrilaterals
D:7:      layout_cave_pools, gammafunk_ghost_grave, chequers_garden
D:8:      layout_loops_ring, zin_statuary, hellmonk_bongcloud_opening
D:9:      layout_basic, demons_altar, nicolae_qazlal_general_emergency,
          gammafunk_temple_overflow_elements
D:10:     minmay_cornered_nines, layout_small_grid, lair_entry_dummy,
          chequers_serial_rivers_room_a
Temple:   eino_temple_lava

Skill      XL: |  1  2  3  4  5  6  7  8  9 10 |
---------------+-------------------------------+-----
Shields        | 4 5 6 8 9 10 | 10.8
Fighting       | 4 5 6 7 8 |  8.1
Armour         | 4 5 6 7 8 9 |  9.3
Long Blades    | 3 5 6 7 8 10 11 | 11.4
Dodging        | 1 |  1.2

Action                   |  1- 3 |  4- 6 |  7- 9 | 10-12 || total
-------------------------+-------+-------+-------+-------++-------
Melee: Long sword        |    41 |   152 |   383 |   214 ||   790
       Headbutt          |     6 |    30 |    85 |    44 ||   165
  Use: Scroll            |     1 |     2 |     9 |     2 ||    14
       Potion            |     1 |     1 |       |       ||     2
Armor: Scale mail        |    20 |       |       |       ||    20
       Chain mail        |       |   119 |   194 |    61 ||   374
Dodge: Dodged            |    14 |    48 |    83 |    35 ||   180
Block: Kite shield       |    25 |   104 |   290 |   186 ||   605
       Reflection        |       |       |     2 |     5 ||     7
       Rpst.: Long sword |     2 |    13 |    18 |    17 ||    50

Table legend: (Time is in decaauts)
 A = Elapsed time spent in this place.
 B = Non-inter-level travel time spent in this place.
 C = Inter-level travel time spent in this place.
 D = Time resting spent in this place.
 E = Time spent auto-exploring this place.
 F = Levels seen in this place.
 G = Mean time per level.
                   A        B        C        D        E       F      G
               +--------+--------+--------+--------+--------+-----+--------+
         Total |   8601 |   8597 |      4 |   1835 |   3567 |  11 |  781.9 |
       Dungeon |   8572 |   8568 |      4 |   1835 |   3567 |  10 |  857.2 |
        Temple |     28 |     28 |      0 |      0 |      0 |   1 |   28.0 |
               +--------+--------+--------+--------+--------+-----+--------+

Top non-repeatable levels by time:
     D:6: 1906 daAuts
     D:9: 1233 daAuts
     D:2: 1050 daAuts
     D:1: 936 daAuts
     D:8: 887 daAuts
     D:7: 777 daAuts
     D:4: 752 daAuts
     D:3: 716 daAuts
     D:5: 265 daAuts
    D:10: 46 daAuts
  Temple: 28 daAuts
